 Dungeon Crawl Stone Soup version 0.30.0-15-g856e2d3f33 (webtiles) character file.

Game seed: 9572427707957336061

76740 cheesebisquit the Spry (level 15, -1/75 HPs)
             Began as a Felid Summoner on May 18, 2023.
             Was an Initiate of Gozag.
             Killed from afar by a guardian serpent (24 damage)
             ... with a bolt of poison
             ... on level 2 of the Snake Pit on May 19, 2023.
             The game lasted 04:57:13 (50240 turns).

cheesebisquit the Spry (Felid Summoner)            Turns: 50240, Time: 04:57:14

Health: -1/75      AC:  3    Str:  4    XL:     15   Next: 13%
Magic:  29/33      EV: 30    Int: 36    God:    Gozag
Gold:   1195       SH:  0    Dex: 17    Spells: 2/40 levels left
                                        Lives:  0   Deaths: 4

rFire   . . .        (weapon unavailable)
rCold   + . .        (shield unavailable)
rNeg    . . .        (body armour unavailable)
rPois   .            (helmet unavailable)
rElec   .            (cloak unavailable)
rCorr   .            (gloves unavailable)
SInv    +            (boots unavailable)
Will    ++...        P - amulet of magic regeneration
Stlth   ++           O - +6 ring of intelligence
HPRegen 0.32/turn    L - +6 ring of intelligence
MPRegen 0.63/turn

%: no passive effects
@: lethally poisoned (-1 -> -14), quick
A: very small, claws 1, fangs 3, see invisible, speed 1, shaggy fur 3, stealthy
paws, no weapons or thrown items, no armour, multi-lived
a: Renounce Religion, Potion Petition, Call Merchant, Bribe Branch


You were on level 2 of the Snake Pit.
You worshipped Gozag.
Gozag was most pleased with you.
You visited 5 branches of the dungeon, and saw 25 of its levels.

You collected 9047 gold pieces.
You spent 4567 gold pieces at shops.
You paid 3285 gold pieces to Gozag.

Inventory:

Jewellery
 f - a ring of wizardry
 g - a ring of positive energy
 m - the ring "Icohetsyw" {rPois rN+ MP+9 Str-3 Slay+4}
   (You found it on level 5 of the Lair of Beasts)

   [ring of positive energy]

   Str:       It affects your strength (-3).
   Slay:      It affects your accuracy & damage with ranged weapons and melee
   (+4).
   rPois:     It protects you from poison.
   rN:        It protects you from negative energy.
   MP:        It affects your magic capacity (+9).
 s - a +6 ring of dexterity
 u - a ring of poison resistance
 y - a ring of protection from cold
 F - an amulet of regeneration
 H - a ring of protection from cold
 I - an amulet of reflection
 L - a +6 ring of intelligence (right paw)
 O - a +6 ring of intelligence (left paw)
 P - an amulet of magic regeneration (around neck)
 Q - a ring of wizardry
Wands
 e - a wand of flame (38)
 q - a wand of paralysis (16)
 r - a wand of iceblast (13)
 t - a wand of polymorph (11)
 D - a wand of quicksilver (6)
 E - a wand of mindburst (29)
 K - a wand of digging (4)
Scrolls
 d - 2 scrolls of teleportation
 j - 4 scrolls of fog
 l - 4 scrolls of magic mapping
 n - 3 scrolls of fear
 p - 4 scrolls of vulnerability
 v - 2 scrolls of torment
 w - 7 scrolls of identify
 B - 3 scrolls of immolation
 G - 3 scrolls of blinking
 M - 2 scrolls of poison
 N - a scroll of summoning
Potions
 a - a potion of magic
 b - 4 potions of resistance
 c - 3 potions of might
 h - 2 potions of heal wounds
 i - 6 potions of ambrosia
 k - 6 potions of mutation
 o - a potion of brilliance
 x - 2 potions of flight
 z - 4 potions of curing
 A - 4 potions of attraction
 C - 5 potions of lignification
 J - a potion of berserk rage


   Skills:
 + Level 14.1 Fighting
 + Level 18.2 Dodging
 - Level 2.6 Stealth
 + Level 13.4 Spellcasting
 - Level 10.0 Hexes
 - Level 10.0 Summonings
 - Level 5.0 Necromancy
 - Level 5.0 Translocations
 + Level 9.3 Transmutations
 - Level 7.0 Air Magic
 - Level 7.0 Earth Magic


You had 2 spell levels left.
You knew the following spells:

 Your Spells              Type           Power      Damage    Failure   Level
a - Anguish               Hex/Necr       33%        N/A       1%          4
b - Summon Mana Viper     Hex/Summ       77%        N/A       1%          5
c - Call Canine Familiar  Summ           77%        N/A       1%          3
d - Summon Guardian Gole  Hex/Summ       77%        N/A       1%          3
e - Summon Lightning Spi  Summ/Air       71%        N/A       1%          4
g - Blink                 Tloc           100%       N/A       1%          2
h - Statue Form           Tmut/Erth      46%        N/A       9%          6
s - Swiftness             Air            65%        N/A       1%          3
t - Tukima's Dance        Hex            77%        N/A       1%          3
x - Silence               Hex/Air        35%        N/A       1%          5

Your spell library contained the following spells:

 Spells                   Type           Power      Damage    Failure   Level
 Shock                    Conj/Air       100%       1d9       1%          1
 Summon Small Mammal      Summ           100%       N/A       1%          1
 Call Imp                 Summ           100%       N/A       1%          2
 Cigotuvi's Dreadful Rot  Necr/Pois/Air  100%       N/A       1%          2
 Ensorcelled Hibernation  Hex/Ice        100%       N/A       1%          2
 Lesser Beckoning         Tloc           100%       N/A       1%          2
 Momentum Strike          Conj/Tloc      84%        3d10      1%          2
 Poisonous Vapours        Pois/Air       98%        N/A       1%          2
 Dazzling Flash           Conj/Hex       100%       N/A       1%          3
 Ignite Poison            Fire/Tmut/Pois 46%        N/A       1%          3
 Mephitic Cloud           Conj/Pois/Air  41%        N/A       1%          3
 Spider Form              Tmut/Pois      55%        N/A       1%          3
 Vhi's Electric Charge    Tloc/Air       100%       N/A       1%          3
 Airstrike                Air            32%        2d(5-21)  1%          4
 Cause Fear               Hex            38%        N/A       1%          4
 Dispel Undead            Necr           57%        3d20      1%          4
 Petrify                  Tmut/Erth      70%        N/A       1%          4
 Blade Hands              Tmut           37%        N/A       1%          5
 Summon Forest            Summ/Tloc      33%        N/A       1%          5
 Ozocubu's Armour         Ice            24%        N/A       4%          3
 Summon Cactus Giant      Summ           38%        N/A       4%          6
 Agony                    Necr           57%        N/A       6%          5
 Metabolic Englaciation   Hex/Ice        28%        N/A       6%          5
 Arcjolt                  Conj/Air       24%        1d34      11%         5
 Sticky Flame             Conj/Fire      24%        2d5       16%         4
 Freezing Cloud           Conj/Ice/Air   20%        6-21      17%         5
 Enfeeble                 Hex            38%        N/A       22%         7
 Summon Hydra             Summ           38%        N/A       22%         7
 Dragon Form              Tmut           37%        N/A       30%         7
 Death Channel            Necr           28%        N/A       32%         6
 Eringya's Noxious Bog    Tmut/Pois      27%        N/A       36%         6
 Plasma Beam              Fire/Air       24%        2x1d40    52%         6
 Ignition                 Fire           12%        3d6       100%        8
 Dragon's Call            Summ           38%        N/A       100%        9
 Portal Projectile        Hex/Tloc       Unusable   N/A       N/A         3
 Simulacrum               Ice/Necr       Unusable   N/A       N/A         6

Dungeon Overview and Level Annotations

Branches:
Dungeon (15/15)            Temple (1/1) D:6            Lair (5/5) D:9
  Swamp (0/4) Lair:3        Snake (2/4) Lair:3        Slime (0/5) Lair:5
    Orc (2/2) D:11            Elf (0/3) Orc:2        Vaults (0/5) D:13
 Depths (0/4) D:15

Altars:
Ashenzari
Cheibriados
Dithmenos
Elyvilon
Fedhas
Gozag
Hepliaklqana
Kikubaaqudgha
Makhleb
Nemelex Xobeh
Okawaru
Qazlal
Ru
Sif Muna
Trog
Uskayaw
Vehumet
Wu Jian
Xom
Yredelemnul
Zin
The Shining One
Jiyva

Shops:
D:3 *   D:10 ?   D:15 =   Orc:1 ?   Orc:2 **?:*(   Lair:1 :   Lair:3 :
Snake:1 =

Portals:
Pandemonium: Orc:2

Annotations:
Orc:1 4 transporters


Innate Abilities, Weirdness & Mutations

You have sharp claws.
You have razor-sharp teeth.
You have supernaturally acute eyesight. (SInv)
You cover ground quickly. (Speed+)
Your thick and shaggy fur keeps you warm. (AC +3, rC+)
Your paws help you pounce on unaware monsters.
You are incapable of wielding weapons or throwing items.
You cannot wear armour.
You gain extra lives every three experience levels.


Message History

Confirm with . or Enter, or press ? or * to list all spells.
Casting: Anguish (mildly dangerous; 1% risk of failure)
Press: ? - help, Dir - look around, f - activate The guardian serpent easily resists.
You feel sick.
The guardian serpent hits your guardian golem!
Your guardian golem overheats!
You feel sick.
The guardian serpent casts a spell at you.
The bolt of poison hits your guardian golem.
Your guardian golem completely resists.
The bolt of poison hits your warg. The bolt of poison hits you!!
You are more poisoned.
* * * LOW HITPOINT WARNING * * *
Flame seeps out of your guardian golem.
The guardian serpent hits your guardian golem but does no damage.
You feel better.
Your guardian golem is engulfed in blazing flames.
Flame seeps out of your guardian golem.
The guardian serpent hits your guardian golem!
Your guardian golem disappears in a puff of smoke!
Your guardian golem explodes!
The fiery explosion engulfs your warg!!
The fiery explosion engulfs the guardian serpent!!
Your warg is engulfed in blazing flames.
The guardian serpent is engulfed in blazing flames.
The guardian serpent closely misses your warg.
You hear an angry hiss.
The guardian serpent is engulfed in blazing flames.
The guardian serpent hits your warg!
Your warg dies!
Your warg's corpse disappears in a puff of smoke!
Casting: Anguish (mildly dangerous; 1% risk of failure)
Confirm with . or Enter, or press ? or * to list all spells.
A guardian golem appears, shielding your allies.
The guardian serpent is engulfed in blazing flames.
The guardian serpent casts a spell at you.
The bolt of poison hits you!!
You are poisoned.
You die...
Your body crumbles into a pile of gold.

########## ##........##
###.########.## ###
##..##.....9##.## #.#
###
##.###.######@##.###.##
##.# ####.##..##
##.##.###.###.##
.##.##.###
##ยง##.##.#..##
##.##.## ##.#.#....##
...#.## S#.#.....##
####)# N#.#..#...#
...).# .#.#..##..##
####)# .#)#.####.<###
#..#.# .#.#.# ##....#


You could see a guardian serpent (ally target) and a friendly guardian golem
(summoned).

Vanquished Creatures
  A demonspawn (Orc:2)
  A bullfrog (Lair:4)
  A killer bee (D:9)
  3 electric eels
  An orc wizard (D:11)
  A hobgoblin (D:1)
  A bat (D:2)
  A goblin (D:2)
10 creatures vanquished.

Vanquished Creatures (collateral kills)
  Nikola (Snake:1)
  Jorgrun (D:15)
  A juggernaut zombie (D:15)
  A dire elephant (Lair:5)
  2 ogre magi
  A centaur warrior (D:13)
  An anaconda (Snake:1)
  5 two-headed ogres
  4 naga sharpshooters
  A tengu warrior (D:15)
  6 orc high priests
  2 shock serpents
  4 death yaks (Lair:4)
  2 naga warriors (Snake:2)
  2 salamander mystics (Snake:2)
  A spectral death yak (Lair:5)
  4 skeletal warriors (D:15)
  A sea snake (Snake:2)
  4 naga ritualists
  An obsidian statue (Lair:5)
  An orange crystal statue (D:10)
  A phantasmal warrior (D:15)
  2 wizards
  An orc knight (Orc:2)
  3 necromancers
  2 orc sorcerers (Orc:2)
  A wolf spider (D:15)
  2 cyclopes (D:12)
  10 ugly things
  5 deep elf pyromancers
  2 salamanders (Snake:2)
  A sphinx skeleton (D:15)
  3 oklob plants
  3 mana vipers (Snake:1)
  7 elephants
  12 black mambas
  5 cane toads
  A gargoyle (D:11)
  An orange demon (Orc:2)
  2 naga magi
  2 kobold demonologists
  A torpor snail (Lair:4)
  2 komodo dragons
  A hellwing (Orc:2)
  A polar bear (Lair:1)
  A queen bee (Orc:1)
  3 trolls
  2 red devils (Orc:2)
  2 blink frogs (Lair:5)
  11 slime creatures
  A centaur simulacrum (D:14)
  6 wyverns
  A wraith (D:13)
  A shadow (D:12)
  2 vampires
  28 yaks
  2 basilisks
  12 nagas
  4 vampire mosquitoes (D:13)
  7 water moccasins
  2 spectral cane toads (Lair:5)
  3 black bears
  17 orc warriors
  An ice beast (D:7)
  4 ogres
  9 wolves
  4 centaurs
  6 kobold brigands
  2 gnoll sergeants
  12 bullfrogs
  A cane toad simulacrum (Lair:5)
  5 scorpions (D:11)
  3 wights (D:9)
  21 killer bees
  An elephant simulacrum (Lair:5)
  5 howler monkeys
  2 hounds (D:7)
  18 orc priests
  2 iguanas
  5 jellies
  2 sleepcaps (D:4)
  Natasha (thrice) (D:4)
  12 orc wizards
  12 gnolls
  3 adders
  A white imp (D:6)
  A worm (D:2)
  77 orcs
  2 bats
  3 endoplasms
  3 giant cockroaches
  3 hobgoblins (D:1)
  4 jackals (D:1)
  3 quokkas
  3 ball pythons
  A frilled lizard (D:2)
  7 goblins
  16 kobolds
  4 rats
  3 butterflies (D:11)
486 creatures vanquished.

Vanquished Creatures (others)
  2 dire elephants (Lair:5)
  A spriggan zombie (D:15)
  A demonspawn (Orc:2)
  A hydra (Lair:4)
  An ice dragon (Orc:2)
  8 anacondas
  An ogre mage (D:15)
  3 boulder beetles
  A centaur warrior (D:13)
  5 two-headed ogres
  A death yak (Lair:4)
  2 naga warriors (Snake:2)
  An orc high priest (Orc:2)
  A tengu warrior (D:15)
  9 naga sharpshooters
  3 shock serpents
  2 skysharks
  3 skeletal warriors (D:15)
  A spectral anaconda (Lair:5)
  3 sea snakes (Snake:2)
  A bog body (Lair:3)
  A naga ritualist (Snake:2)
  5 orc knights
  A necromancer (Lair:5)
  4 orc sorcerers (Orc:2)
  3 ugly things (D:14)
  3 mana vipers
  An oklob plant (Lair:5)
  A salamander (Snake:2)
  2 manticores
  14 black mambas
  8 elephants
  2 naga magi
  A gargoyle (D:13)
  7 cane toads
  A rime drake (Lair:4)
  A dire elephant skeleton (Lair:5)
  5 komodo dragons
  2 freezing wraiths
  A tengu conjurer (D:15)
  A troll (D:11)
  3 polar bears
  A hornet (D:9)
  Prince Ribbit (D:7)
  2 dancing weapons (Snake:2)
  A blink frog (Lair:5)
  A spectral elephant (Lair:5)
  An ettin zombie (D:15)
  2 slime creatures (D:14)
  23 yaks
  3 wyverns
  A basilisk (D:13)
  16 nagas
  A water moccasin (Lair:2)
  2 ice beasts (D:6)
  22 orc warriors
  3 wolves (Lair:3)
  3 ogres
  3 centaurs
  A bullfrog (D:7)
  3 kobold brigands
  Blork the orc (D:4)
  A gnoll sergeant (D:6)
  2 scorpions (D:11)
  2 wights (D:9)
  14 killer bees
  A gnoll bouda (D:8)
  8 orc priests
  An iguana (D:6)
  5 orc wizards
  3 gnolls (D:8)
  14 orcs
260 creatures vanquished.

Grand Total: 756 creatures vanquished

Notes
Turn   | Place    | Note
-------+----------+-------------------------------------------
     0 | D:1      | cheesebisquit the Felid Summoner began the quest for the
                  | Orb.
     0 | D:1      | Reached XP level 1. HP: 7/7 MP: 4/4
   415 | D:1      | Reached XP level 2. HP: 11/11 MP: 3/6
   418 | D:1      | Learned a level 2 spell: Call Imp
  1341 | D:2      | Reached XP level 3. HP: 14/14 MP: 4/8
  1345 | D:2      | Learned a level 3 spell: Call Canine Familiar
  1453 | D:2      | Identified the +1 leather armour of Decompression {Will+
                  | Regen+ Int-5}
  2145 | D:3      | Found Haer's Assorted Antiques.
  2497 | D:3      | Reached XP level 4. HP: 18/18 MP: 4/9
  2501 | D:3      | Learned a level 3 spell: Summon Guardian Golem
  3080 | D:4      | Noticed a centaur
  3092 | D:4      | Noticed Blork the orc
  3387 | D:4      | Found a shimmering blue altar of Sif Muna.
  3389 | D:4      | Found a broken altar of Ashenzari.
  3437 | D:4      | Reached skill level 3 in Dodging
  3437 | D:4      | Reached skill level 1 in Hexes
  3437 | D:4      | Reached skill level 5 in Summonings
  3528 | D:4      | Noticed Natasha
  3543 | D:4      | Killed Natasha
  3544 | D:4      | Reached skill level 1 in Fighting
  3544 | D:4      | Reached XP level 5. HP: 22/22 MP: 4/11
  3754 | D:4      | Killed a centaur
  3909 | D:4      | Noticed Natasha
  3920 | D:4      | Killed Natasha
  3921 | D:4      | Gained mutation: You are covered in thick fur. (AC +2)
                  | [Felid growth]
  3921 | D:4      | Reached XP level 6. HP: 15/26 MP: 10/12
  4138 | D:4      | Noticed Natasha
  4150 | D:4      | Killed Natasha
  4298 | D:4      | Killed Blork the orc
  4299 | D:4      | Reached skill level 4 in Dodging
  4595 | D:5      | Entered Level 5 of the Dungeon
  4756 | D:5      | Reached XP level 7. HP: 30/30 MP: 5/14
  5580 | D:5      | Learned a level 4 spell: Summon Lightning Spire
  5814 | D:6      | Reached skill level 5 in Dodging
  5828 | D:6      | Reached skill level 1 in Air Magic
  5931 | D:3      | Bought a scroll of identify for 42 gold pieces
  5931 | D:3      | Bought a scroll of identify for 42 gold pieces
  6128 | D:6      | Reached XP level 8. HP: 34/34 MP: 6/15
  6440 | D:6      | Found a staircase to the Ecumenical Temple.
  6445 | Temple   | Entered the Ecumenical Temple
  6636 | Temple   | Became a worshipper of Gozag Ym Sagoz the Greedy
  6771 | D:6      | Reached skill level 5 in Hexes
  7291 | D:6      | Slain by a gnoll
  7292 | D:6      | Reached XP level 7. HP: -4/31 MP: 12/15
  7517 | D:6      | Reached skill level 6 in Dodging
  7517 | D:6      | Reached skill level 5 in Spellcasting
  8300 | D:7      | Reached XP level 8. HP: 36/36 MP: 10/16
  8310 | D:7      | Noticed Prince Ribbit
  8363 | D:7      | Killed Prince Ribbit
  8369 | D:7      | Learned a level 4 spell: Anguish
  9167 | D:3      | Bought a potion of curing for 63 gold pieces
  9167 | D:3      | Bought a bronze wand for 84 gold pieces
 10236 | D:8      | Reached skill level 1 in Necromancy
 10296 | D:8      | Found a radiant altar of Vehumet.
 10390 | D:7      | Reached skill level 7 in Dodging
 10636 | D:8      | Found an iron altar of Okawaru.
 11235 | D:8      | Reached skill level 5 in Fighting
 11585 | D:9      | Reached XP level 9. HP: 40/40 MP: 11/18
 12218 | D:9      | Found a staircase to the Lair.
 12944 | D:9      | Reached skill level 8 in Dodging
 13463 | D:10     | Entered Level 10 of the Dungeon
 13769 | D:10     | Noticed an orange crystal statue
 14551 | D:10     | Noticed a two-headed ogre
 14578 | D:10     | Reached XP level 10. HP: 23/45 MP: 7/20
 14579 | D:10     | Killed a two-headed ogre
 14690 | D:10     | Found The Oracle's Delphic Readings.
 14694 | D:10     | Bought a book of Air for 374 gold pieces
 14698 | D:10     | Learned a level 3 spell: Swiftness
 14816 | D:10     | Bought a book of Hexes for 612 gold pieces
 15167 | D:11     | Noticed an orc knight
 15331 | D:11     | Identified the +5 chain mail of the Midnight Sun {rCorr
                  | Str+3 SInv}
 15517 | D:11     | Killed an orc knight
 16025 | D:11     | Reached skill level 9 in Dodging
 16032 | D:11     | Reached skill level 5 in Air Magic
 16692 | D:11     | Found a runed translucent door.
 16700 | D:11     | Found a runed translucent door.
 17014 | D:11     | Found a staircase to the Orcish Mines.
 17158 | D:12     | Noticed a gargoyle
 17191 | D:11     | Killed a gargoyle
 17522 | D:12     | Reached XP level 11. HP: 29/49 MP: 5/22
 18031 | D:12     | Noticed a deep elf pyromancer
 18038 | D:12     | Reached skill level 5 in Necromancy
 18057 | D:12     | Noticed a cyan ugly thing
 18176 | D:12     | Killed a cyan ugly thing
 18498 | D:12     | Killed a deep elf pyromancer
 18612 | D:12     | Found a sacrificial altar of Ru.
 19133 | D:12     | Found a sacrificial altar of Ru.
 19259 | Lair:1   | Entered Level 1 of the Lair of Beasts
 19279 | Lair:1   | Noticed a skyshark
 19294 | Lair:1   | Killed a skyshark
 19295 | Lair:1   | Reached skill level 10 in Dodging
 19493 | Lair:1   | Learned a level 5 spell: Silence
 20142 | Lair:1   | Noticed an oklob plant
 20159 | Lair:1   | Killed an oklob plant
 20756 | Lair:1   | Bought a book of Spatial Translocations for 306 gold pieces
 20956 | Lair:1   | Mangled by a cane toad
 20957 | Lair:1   | Reached XP level 10. HP: -10/48 MP: 15/23
 21111 | Lair:1   | Killed a black mamba
 21255 | Lair:1   | Killed a cane toad
 21256 | Lair:1   | Reached XP level 11. HP: 51/51 MP: 9/24
 21349 | Lair:1   | Reached skill level 11 in Dodging
 21413 | Lair:1   | Found Apufevo's Book Shoppe.
 22673 | Lair:1   | Reached skill level 10 in Summonings
 22676 | Lair:1   | Learned a level 2 spell: Blink
 22958 | Lair:2   | Reached skill level 1 in Translocations
 24335 | Lair:3   | Found a staircase to the Swamp.
 24335 | Lair:3   | Noticed a bog body
 24345 | Lair:3   | Killed a bog body
 24625 | Lair:3   | Reached skill level 12 in Dodging
 24919 | Lair:3   | Gained mutation: Your thick and shaggy fur keeps you warm.
                  | (AC +3, rC+) [Felid growth]
 24919 | Lair:3   | Reached XP level 12. HP: 57/57 MP: 14/26
 25293 | Lair:3   | Reached skill level 5 in Translocations
 25529 | Lair:3   | Found a staircase to the Snake Pit.
 26181 | Lair:4   | Noticed a four-headed hydra
 26685 | Lair:4   | Noticed a death yak
 26693 | Lair:4   | Noticed a death yak
 26697 | Lair:4   | Killed a death yak
 26697 | Lair:4   | Noticed a death yak
 26698 | Lair:4   | Noticed a death yak
 26703 | Lair:4   | Noticed a death yak
 26705 | Lair:4   | Killed a death yak
 26833 | Lair:4   | Killed a death yak
 26834 | Lair:4   | Reached skill level 13 in Dodging
 26842 | Lair:4   | Killed a death yak
 26843 | Lair:4   | Reached skill level 10 in Fighting
 26843 | Lair:4   | Killed a death yak
 27036 | Lair:1   | Bought a book of Sloth for 612 gold pieces
 27215 | Lair:4   | Killed a four-headed hydra
 27546 | D:3      | Bought a metallic yellow potion for 18 gold pieces
 28388 | Lair:4   | Reached skill level 10 in Spellcasting
 28776 | Lair:5   | Entered Level 5 of the Lair of Beasts
 29669 | Lair:5   | Reached XP level 13. HP: 62/62 MP: 10/28
 30057 | Lair:5   | Found a staircase to the Slime Pits.
 30112 | Lair:5   | Found a viscous altar of Jiyva.
 30253 | Lair:5   | Reached skill level 14 in Dodging
 30520 | Lair:5   | Noticed a dire elephant
 30520 | Lair:5   | Noticed a dire elephant
 30521 | Lair:5   | Noticed a dire elephant
 31164 | Lair:5   | Killed a dire elephant
 31167 | Lair:5   | Killed a dire elephant
 31190 | Lair:5   | Killed a dire elephant
 31695 | Lair:5   | Reached skill level 15 in Dodging
 32070 | D:11     | Learned a level 6 spell: Statue Form
 32071 | Orc:1    | Entered Level 1 of the Orcish Mines
 32502 | Orc:1    | Bought a scroll of poison for 64 gold pieces
 32542 | Orc:1    | Found an ornate altar of the Wu Jian Council.
 32542 | Orc:1    | Found a transporter.
 32555 | Orc:1    | Found a transporter.
 32705 | Orc:1    | You fall into a shaft and drop 1 floor!
 32705 | Orc:2    | Entered Level 2 of the Orcish Mines
 32718 | Orc:2    | Reached skill level 1 in Transmutations
 33285 | Lair:3   | Bought a Fen Folio for 420 gold pieces
 33444 | Orc:1    | Found a transporter.
 33464 | Orc:1    | Found a transporter.
 33465 | Orc:1    | Found an ornate altar of the Wu Jian Council.
 33465 | Orc:1    | Noticed an orc warlord
 33604 | Orc:1    | Reached skill level 1 in Earth Magic
 34902 | Orc:2    | Found Suavo's General Store.
 34907 | Orc:2    | Found Nytout's Magic Scroll Boutique.
 35617 | Orc:2    | Reached XP level 14. HP: 68/68 MP: 6/30
 35989 | Orc:2    | Found a staircase to the Elven Halls.
 36030 | Orc:2    | Found Gugic's General Store.
 36211 | Orc:2    | Found Dabbup's CLEARANCE SALE!.
 36919 | Orc:2    | Slain by a sun demon
 36920 | Orc:2    | Reached XP level 13. HP: -4/64 MP: 3/29
 37226 | Orc:2    | Found Ompef's Antique Weapon Shoppe.
 37226 | Orc:2    | Found Cofych's Book Emporium.
 37227 | Orc:2    | Found a one-way gate leading to the halls of Pandemonium.
 37257 | Orc:2    | Bought a book of Weapons for 420 gold pieces
 37257 | Orc:2    | Bought a book of the Wilderness for 570 gold pieces
 37263 | Orc:2    | Learned a level 5 spell: Summon Mana Viper
 38391 | Lair:5   | Identified the ring "Icohetsyw" {rPois rN+ MP+9 Str-3
                  | Slay+4}
 39041 | D:13     | Reached skill level 16 in Dodging
 39455 | D:13     | Reached skill level 5 in Transmutations
 40033 | D:13     | Found a gate to the Vaults.
 41080 | D:14     | Reached XP level 14. HP: 69/69 MP: 9/31
 42900 | D:15     | Entered Level 15 of the Dungeon
 42961 | D:15     | Noticed Jorgrun
 42971 | D:15     | Reached skill level 5 in Earth Magic
 43128 | D:15     | Found Ereah's Jewellery Emporium.
 43227 | D:15     | Bought an amulet of magic regeneration for 480 gold pieces
 43493 | D:15     | Found a staircase to the Depths.
 43828 | D:15     | Killed Jorgrun
 43829 | D:15     | Reached skill level 10 in Hexes
 44639 | D:15     | Reached skill level 17 in Dodging
 45003 | Snake:1  | Entered Level 1 of the Snake Pit
 45622 | Snake:1  | Reached XP level 15. HP: 47/74 MP: 24/32
 45637 | Snake:1  | HP: 2/74 [naga sharpshooter/arrow (23)]
 45976 | Lair:3   | Bought a book of the Dragon for 460 gold pieces
 45980 | Lair:3   | Learned a level 3 spell: Tukima's Dance
 46221 | Snake:1  | Noticed Nikola
 46223 | Snake:1  | Killed from afar by Nikola
 46224 | Snake:1  | Reached XP level 14. HP: -12/70 MP: 8/31
 46507 | Snake:1  | Killed Nikola
 46667 | Snake:1  | Found Mina Haj's Jewellery Shoppe.
 48568 | Snake:2  | Reached skill level 18 in Dodging
 48940 | Snake:2  | Reached XP level 15. HP: 20/75 MP: 24/33
 50240 | Snake:2  | Killed from afar by a guardian serpent

Illustrated notes

Levels and vault maps discovered:
D:1:      roderic_dead_forest, layout_loops_ring
D:2:      layout_loops_ring
D:3:      layout_basic, serial_shops, shop, serial_park_tiny_1
D:4:      layout_cave_pods, chequers_temple_overflow_statue_of_worship,
          uniq_blork_the_orc, uniq_natasha
D:5:      layout_basic
D:6:      layout_basic, minmay_temple_entry_nine_rooms, minmay_misc_feat_five
D:7:      layout_loops_ring, minivault_26, water_boxes_lemuel,
          uniq_prince_ribbit1
D:8:      layout_gridville, mainiacjoe_overflow_small_starburst,
          vehumet_altar_wand_db
D:9:      layout_loops_cross, lair_entry_dummy, hangedman_abyss_or_decor_passed
D:10:     layout_irregular_city, minivault_16, nicolae_nh_oracle_at_delphi
D:11:     lemuel_insect_pit, layout_small_grid, david_orc_5
D:12:     layout_basic, nicolae_ru_path_of_blood
D:13:     lemuel_ice_spiral_2, layout_stronghold,
          hangedman_vaults_entry_quadrant_bands, grunt_ministairs_15
D:14:     layout_stronghold
D:15:     gammafunk_depths_entry_grave, layout_grid_maze,
          minmay_misc_feat_pillars, serial_shops, nicolae_shop_stone,
          uniq_jorgrun
Temple:   eino_narrow_crystal_temple
Lair:1:   layout_gridlike
Lair:2:   layout_long_grid
Lair:3:   layout_roguey, skrybe_swamp_entry_bodies,
          minmay_snake_entry_guardpost_small, st_stairs_11
Lair:4:   layout_cellular_growth, chequers_serial_rivers_room_b,
          grunt_megastairs_2
Lair:5:   due_jungle_book, layout_misc_corridors, minmay_slime_entry_oklob_open
Snake:1:  layout_rooms, lemuel_fruit_tree, uniq_nikola
Snake:2:  kennysheep_snake, layout_layer_cave, guppyfry_snake_island
Orc:1:    dreamdust_wu_jian_sword_trials, layout_diamond_mine, special_room
          [special_room_bee]
Orc:2:    pf_orc_diabolical, layout_caves, serial_shops, shop,
          portal_ice_cave_entry_animals_and_master, nicolae_shop_clearance

Skill      XL: |  1  2  3  4  5  6  7  8  9 10 11 12 13 14 |
---------------+-------------------------------------------+-----
Spellcasting   | 3 4 5 6 7 9 10 12 13 | 13.4
Dodging        | 3 4 6 7 8 9 12 13 16 18 | 18.2
Hexes          | 1 2 3 4 5 7 8 9 10 | 10.0
Summonings     | 5 6 7 8 10 | 10.0
Fighting       | 1 2 4 5 6 9 10 11 14 | 14.1
Air Magic      | 1 3 4 5 7 |  7.0
Necromancy     | 1 3 4 5 |  5.0
Translocations | 4 5 |  5.0
Transmutations | 5 9 |  9.3
Earth Magic    | 4 7 |  7.0
Stealth        | |  2.6

Action                     |  1- 3 |  4- 6 |  7- 9 | 10-12 | 13-15 || total
---------------------------+-------+-------+-------+-------+-------++-------
  Melee: Unarmed           |    20 |       |    20 |    17 |    27 ||    84
         Bite              |     2 |       |     2 |     2 |     5 ||    11
         Punch             |       |       |       |     1 |       ||     1
   Cast: Summon Small Mamm |    59 |    10 |     4 |       |       ||    73
         Call Imp          |     9 |    13 |    59 |    26 |       ||   107
         Call Canine Famil |     7 |    14 |    57 |   101 |   127 ||   306
         Summon Guardian G |       |     5 |    69 |   107 |   205 ||   386
         Summon Lightning  |       |       |    15 |    97 |   170 ||   282
         Anguish           |       |       |     1 |    62 |   187 ||   250
         Swiftness         |       |       |       |     2 |     1 ||     3
         Blink             |       |       |       |     1 |    11 ||    12
         Summon Mana Viper |       |       |       |       |   103 ||   103
         Silence           |       |       |       |       |     1 ||     1
         Tukima's Dance    |       |       |       |       |     8 ||     8
 Invoke: Call Merchant     |       |       |       |     2 |     2 ||     4
  Evoke: Wand              |       |       |     4 |       |     2 ||     6
    Use: Scroll            |       |     7 |    13 |     6 |     8 ||    34
         Potion            |       |     1 |     3 |     2 |    14 ||    20
   Stab: Distracted        |       |       |     2 |     1 |       ||     3
 Armour: Skin              |     1 |     2 |     2 |     9 |    11 ||    25
  Dodge: Dodged            |    28 |     8 |    86 |   198 |   291 ||   611
